 Dungeon Crawl Stone Soup version 0.21-a0-229-g3587535 (webtiles) character file.

49028 Moloch the Destroyer (level 14, 0/68 HPs)
             Began as an Octopode Wizard on Sept 1, 2017.
             Was a High Priest of Vehumet.
             Slain by a troll (11 damage)
             ... on level 1 of the Orcish Mines.
             The game lasted 01:21:58 (23197 turns).

Moloch the Destroyer (Octopode Wizard)             Turns: 23197, Time: 01:21:59

Health: 0/68       AC:  5    Str: 14    XL:     14   Next: 49%
Magic:  33/33      EV: 12    Int: 27    God:    Vehumet [*****.]
Gold:   1113       SH:  0    Dex: 12    Spells: 4/37 levels left

rFire    . . .     SeeInvis +   f - +1 trident (flame)
rCold    . . .     Gourm    .   (no shield)
rNeg     . . .     Faith    .   a - +1 hat
rPois    .         Spirit   .   R - amulet of magic regeneration
rElec    .         Reflect  .   q - +3 ring of protection
rCorr    .         Harm     .   u - ring of see invisible
MR       +....     Clarity  +   K - +3 ring of intelligence
Stlth    ++++......             Q - +4 ring of strength
HPRegen  0.00/turn              U - ring of wizardry
MPRegen  0.48/turn              L - ring "Tuwetan" {+Fly Stlth+}
                                X - +4 ring of strength
                                (no ring)

@: drained
A: almost no armour, stealthy swim, amphibious, 8 rings, constrict 8, camouflage
1, clarity, frail 2, high mp 1, screaming 1, inhibited regeneration, gelatinous
body 1
a: Renounce Religion, Evoke Flight


You were on level 1 of the Orcish Mines.
You worshipped Vehumet.
Vehumet was extremely pleased with you.
You were not hungry.

You visited 4 branches of the dungeon, and saw 19 of its levels.

You collected 1113 gold pieces.

Inventory:

Hand Weapons
 f - a +1 trident of flaming (weapon)
Missiles
 v - 3 throwing nets (quivered)
Armour
 a - a +1 hat (worn)
Magical Staves
 y - an uncursed staff of cold
 T - an uncursed staff of air
Jewellery
 q - a +3 ring of protection (left tentacle)
 u - a ring of see invisible (right tentacle)
 K - a +3 ring of intelligence (on tentacle)
 L - the ring "Tuwetan" (on tentacle) {+Fly Stlth+}
   (You found it on level 3 of the Lair of Beasts)

   [ring of flight]

   It lets you fly.
   It makes you more stealthy.
 Q - a +4 ring of strength (on tentacle)
 R - an amulet of magic regeneration (around mantle)
 U - a ring of wizardry (on tentacle)
 W - the ring of Megalomania {rF- rN+ Str+4 Dex+4}
   (You found it on level 6 of the Lair of Beasts)

   [ring of positive energy]

   It affects your strength (+4).
   It affects your dexterity (+4).
   It makes you vulnerable to fire.
   It protects you from negative energy.
 X - a +4 ring of strength (on tentacle)
Wands
 H - a wand of lightning (7/15)
 N - a wand of digging (6/24)
Scrolls
 d - 6 scrolls of teleportation
 e - 11 scrolls of remove curse
 i - 5 scrolls of immolation {unknown}
 l - 2 scrolls of brand weapon {unknown}
 m - 2 scrolls of fear {unknown}
 n - 6 scrolls of enchant weapon
 p - 6 scrolls of enchant armour
 s - a scroll of noise {unknown}
 t - 2 scrolls of identify
 x - a scroll of silence {unknown}
 z - 3 scrolls of amnesia
 B - 4 scrolls of fog {unknown}
 D - 4 scrolls of blinking {unknown}
 F - 3 scrolls of magic mapping
 M - 3 scrolls of recharging {unknown}
 O - 3 scrolls of summoning
 V - 3 scrolls of torment
Potions
 b - a potion of degeneration {unknown}
 g - a potion of brilliance
 j - 3 potions of lignification
 r - 2 potions of haste
 w - 4 potions of curing
 A - 4 potions of might
 C - 3 potions of agility
 I - a potion of magic
 J - 3 potions of heal wounds
 P - a potion of flight
 S - 2 potions of mutation
Miscellaneous
 G - a phial of floods
Comestibles
 c - 8 bread rations
 h - 7 meat rations
 k - 4 chunks of flesh
 o - 16 royal jellies


   Skills:
 * Level 4.6(3.6) Fighting
 - Level 2.0(1.0) Dodging
 - Level 2.6(1.7) Stealth
 + Level 12.4(11.2) Spellcasting
 * Level 14.6(13.3) Conjurations
 - Level 1.2(0.3) Summonings
 - Level 1.0(0.1) Translocations
 * Level 13.6(12.4) Fire Magic


You had 4 spell levels left.
You knew the following spells:

 Your Spells              Type           Power        Failure   Level  Hunger
a - Magic Dart            Conj           ####         0%          1    None
b - Blink                 Tloc           N/A          2%          2    None
c - Call Imp              Summ           ###.....     1%          2    None
d - Mephitic Cloud        Conj/Pois/Air  #####...     1%          3    None
e - Apportation           Tloc           ###...       1%          1    None
f - Conjure Flame         Conj/Fire      ######..     1%          3    None
g - Flame Tongue          Conj/Fire      #####        0%          1    None
h - Sticky Flame          Conj/Fire      ######..     1%          4    None
i - Spellforged Servitor  Conj/Summ      ######....   19%         7    ######.
j - Orb of Destruction    Conj           ######....   1%          7    ######.
k - Sublimation of Blood  Necr           ###.......   2%          2    None


Dungeon Overview and Level Annotations

Branches:
Dungeon (11/15)            Temple (1/1) D:6            Lair (6/6) D:11
  Swamp (0/4) Lair:3       Spider (0/4) Lair:4        Slime (0/5) Lair:6
    Orc (1/2) D:9

Altars:
Ashenzari
Cheibriados
Dithmenos
Elyvilon
Fedhas
Gozag
Hepliaklqana
Kikubaaqudgha
Makhleb
Nemelex Xobeh
Okawaru
Qazlal
Ru
Sif Muna
Trog
Uskayaw
Vehumet
Wu Jian
Xom
Yredelemnul
Zin
The Shining One

Shops:
D:5 }

Annotations:
D:8 exclusion: downstairs
D:10 exclusion: downstairs
D:11 exclusion: ice statue


Innate Abilities, Weirdness & Mutations

You cannot wear most types of armour.
You are very stealthy in the water. (Stealth+)
You are amphibious.
You can wear up to eight rings at the same time.
You can use your tentacles to constrict eight enemies at once.
Your skin changes colour to match your surroundings (Stealth+).
Your rubbery body absorbs attacks. (AC +1, EV +1)
You possess an exceptional clarity of mind.
You are very frail. (-20% HP)
You have an increased reservoir of magic. (+10% MP)
You occasionally shout uncontrollably at your foes.
You do not regenerate when monsters are visible.


Message History

HP restored.
Some of the chunks of flesh in your inventory have rotted away.
There is a staircase to the Orcish Mines here.
You climb downwards.
Welcome back to the Orcish Mines!
The orc priest invokes the aid of Beogh against you.
Beogh smites you! The troll barely misses you. The troll claws you.
The troll closely misses you. The orc hits you but does no damage.
The orc wizard casts a spell at you. The magic dart hits you! The orc hits you.
The troll bites you! The troll claws you!
The troll claws you but does no damage.
The orc wizard gestures at you while chanting.
The puff of frost hits you!
* * * LOW HITPOINT WARNING * * *
An orc wizard comes into view. It is wielding a dagger.
There is a staircase back to the Dungeon, spattered with blood here.
Unknown command.
The orc barely misses you. The orc misses you. The troll bites you.
* * * LOW HITPOINT WARNING * * *
The troll claws you but does no damage. The troll claws you!
You die...

....$ .....$
..... ..... .
...... .... .$
...o.$ ...#...
##...$# .......
#......#......#
#.#..ooT....#
#....o@>[...#
.......)[(..##
$#.........##
#.........##
#......o.#.
#...o.o.....
##........ #.
..o....#.. ..


You could see a troll, 2 orc priests, 3 orc wizards and 3 orcs.

Vanquished Creatures
  Kirke (Lair:6)
  3 hydras
  6 two-headed ogres
  2 catoblepae (Lair:6)
  5 death yaks
  2 unseen horrors (D:11)
  An ugly thing (D:11)
  An orc sorcerer (D:9)
  2 elephants (Lair:4)
  3 black mambas
  2 centaur zombies
  Joseph (D:9)
  10 spiny frogs
  Psyche (D:9)
  5 komodo dragons
  A rime drake (Lair:6)
  2 trolls
  A tyrant leech (Lair:3)
  A hornet (D:8)
  18 blink frogs
  3 slime creatures (Lair:6)
  A polar bear (Lair:6)
  8 hippogriffs
  A tarantella (Lair:4)
  4 wyverns
  31 yaks
  A steam dragon (D:7)
  3 basilisks
  Grum (D:9)
  6 hogs
  2 hungry ghosts
  2 wargs (D:9)
  9 water moccasins
  9 orc warriors
  10 porcupines
  5 black bears
  14 ice beasts (D:11)
  2 sky beasts
  4 boggarts (Lair:6)
  An eye of draining (D:10)
  2 phantoms
  9 ogres
  12 wolves
  8 centaurs
  13 crocodiles
  4 big kobolds
  12 bullfrogs
  2 gnoll sergeants
  A water moccasin zombie (D:9)
  A wyvern skeleton (D:11)
  5 scorpions
  13 wights
  An electric eel (D:11)
  3 crimson imps
  9 hounds
  A bullfrog zombie (D:9)
  10 orc priests
  2 quasits
  6 jellies
  2 bullfrog skeletons
  5 iguanas
  23 orc wizards
  5 worker ants
  2 howler monkey skeletons (D:7)
  13 adders
  10 gnolls
  2 shadow imps
  8 oozes
  2 adder skeletons
  2 worms
  A dart slug (D:3)
  5 leopard geckos
  45 orcs
  2 ball pythons
  2 bats
  4 giant cockroaches
  7 goblins
  3 hobgoblins
  6 jackals
  A quokka (D:10)
  A ball python skeleton (D:5)
  7 frilled lizards
  A jackal skeleton (D:8)
  21 kobolds
  A leopard gecko skeleton (D:8)
  A quokka skeleton (D:9)
  6 rats
487 creatures vanquished.

Vanquished Creatures (collateral kills)
  A catoblepas (Lair:6)
  4 death yaks (Lair:6)
  2 manticores (Lair:6)
  5 yaks (Lair:6)
  An orc wizard (Orc:1)
  2 orcs (Orc:1)
  A plant (Lair:6)
16 creatures vanquished.

Vanquished Creatures (others)
  An orc (D:9)
  5 fungi
  20 plants
26 creatures vanquished.

Grand Total: 529 creatures vanquished

Notes
Turn   | Place    | Note
-------+----------+-------------------------------------------
     0 | D:1      | Moloch the Octopode Wizard began the quest for the Orb.
     0 | D:1      | Reached XP level 1. HP: 11/11 MP: 4/4
   180 | D:1      | Reached skill level 2 in Conjurations
   180 | D:1      | Reached XP level 2. HP: 16/17 MP: 3/6
   741 | D:2      | Reached XP level 3. HP: 15/21 MP: 1/7
   831 | D:2      | Reached skill level 3 in Conjurations
   956 | D:2      | Learned a level 2 spell: Blink
   959 | D:2      | Learned a level 2 spell: Call Imp
   963 | D:2      | Learned a level 3 spell: Mephitic Cloud
  1609 | D:3      | Reached XP level 4. HP: 22/27 MP: 1/8
  1755 | D:3      | Found a deep blue altar of Sif Muna.
  1782 | D:3      | Identified Sif Muna's Tome of Self-Knowledge
  1869 | D:4      | Reached skill level 4 in Conjurations
  1869 | D:4      | Reached XP level 5. HP: 27/31 MP: 4/10
  2013 | D:4      | Identified Osedaful's Compendium of Earthen Calling
  2195 | D:3      | Found a shattered altar of Ashenzari.
  2331 | D:4      | Reached XP level 6. HP: 36/36 MP: 1/12
  2507 | D:4      | Reached skill level 5 in Conjurations
  3395 | D:5      | Entered Level 5 of the Dungeon
  3420 | D:5      | Reached XP level 7. HP: 41/41 MP: 6/14
  3472 | D:5      | Reached skill level 6 in Conjurations
  3732 | D:5      | Reached skill level 5 in Spellcasting
  3823 | D:5      | Found Igibuwudd's Quality Used Wands.
  3890 | D:5      | Found a bloodstained altar of Trog.
  4123 | D:6      | Reached skill level 7 in Conjurations
  4150 | D:6      | Reached XP level 8. HP: 36/46 MP: 12/16
  4172 | D:6      | Learned a level 1 spell: Apportation
  4177 | D:6      | Learned a level 3 spell: Conjure Flame
  4643 | D:6      | Found a staircase to the Ecumenical Temple.
  4652 | Temple   | Entered the Ecumenical Temple
  4712 | Temple   | Became a worshipper of Vehumet
  4818 | D:6      | Reached skill level 8 in Conjurations
  5231 | D:6      | Reached skill level 1 in Fire Magic
  6140 | D:7      | Reached XP level 9. HP: 51/51 MP: 12/18
  6325 | D:8      | Noticed a two-headed ogre
  6374 | D:7      | Reached skill level 5 in Fire Magic
  6437 | D:8      | Noticed a two-headed ogre
  6500 | D:8      | Noticed a two-headed ogre
  6970 | D:7      | Reached * piety under Vehumet
  6970 | D:7      | Offered knowledge of Flame Tongue by Vehumet.
  6998 | D:7      | Learned a level 1 spell: Flame Tongue
  7051 | D:8      | Killed a two-headed ogre
  7242 | D:8      | Found a sparkling altar of Nemelex Xobeh.
  7328 | D:8      | Reached skill level 9 in Conjurations
  7460 | D:8      | Killed a two-headed ogre
  7460 | D:8      | Reached XP level 10. HP: 50/56 MP: 0/21
  7700 | D:8      | Killed a two-headed ogre
  7780 | D:8      | Found an ornate altar of the Wu Jian Council.
  7780 | D:8      | Found a burning altar of Makhleb.
  7888 | D:8      | Offered knowledge of Shock by Vehumet.
  7890 | D:8      | Reached ** piety under Vehumet
  8025 | D:8      | Found an opulent altar of Gozag.
  8067 | D:8      | Found a glowing golden altar of the Shining One.
  8181 | D:8      | Found a shattered altar of Ashenzari.
  8290 | D:9      | Noticed Grum
  8320 | D:9      | Noticed Joseph
  8503 | D:9      | Noticed a two-headed ogre
  8566 | D:9      | Killed a two-headed ogre
  8566 | D:9      | Reached skill level 10 in Conjurations
  8689 | D:9      | Noticed a two-headed ogre
  8693 | D:9      | Noticed Psyche
  8694 | D:9      | Killed Grum
  8874 | D:9      | Reached XP level 11. HP: 50/61 MP: 14/23
  9605 | D:8      | Offered knowledge of Inner Flame by Vehumet.
  9811 | D:9      | Killed a two-headed ogre
  9944 | D:9      | Killed Joseph
 10260 | D:9      | Reached skill level 10 in Fire Magic
 10424 | D:9      | Reached *** piety under Vehumet
 10428 | D:9      | Found a staircase to the Orcish Mines.
 10453 | D:9      | Killed Psyche
 10683 | D:9      | Found a stormy altar of Qazlal.
 10756 | D:9      | Found a shadowy altar of Dithmenos.
 10995 | D:10     | Entered Level 10 of the Dungeon
 11139 | D:10     | Offered knowledge of Sticky Flame by Vehumet.
 11151 | D:10     | Learned a level 4 spell: Sticky Flame
 11312 | D:10     | Gained mutation: You have an increased reservoir of magic. (+10% MP) [mutagenic meat]
 11313 | D:10     | Gained mutation: You do not regenerate when monsters are visible. [mutagenic meat]
 11314 | D:10     | Gained mutation: You possess an exceptional clarity of mind. [mutagenic meat]
 11315 | D:10     | Gained mutation: You occasionally shout uncontrollably at your foes. [mutagenic meat]
 11316 | D:10     | Gained mutation: You are frail. (-10% HP) [mutagenic meat]
 11317 | D:10     | Gained mutation: You are very frail. (-20% HP) [mutagenic meat]
 12110 | D:11     | Noticed a death yak
 12200 | D:11     | Reached **** piety under Vehumet
 12523 | D:11     | Reached skill level 10 in Spellcasting
 12629 | D:11     | Offered knowledge of Throw Icicle by Vehumet.
 12878 | D:11     | Found a staircase to the Lair.
 12900 | D:11     | Found a shimmering altar of Xom.
 12922 | D:11     | Noticed a two-headed ogre
 12932 | D:11     | Killed a two-headed ogre
 12932 | D:11     | Reached skill level 11 in Conjurations
 12938 | D:11     | Reached XP level 12. HP: 28/52 MP: 15/28
 13930 | D:11     | Killed a death yak
 14095 | D:11     | Reached ***** piety under Vehumet
 14195 | Lair:1   | Entered Level 1 of the Lair of Beasts
 14258 | Lair:1   | Learned a level 4 spell: Summon Lightning Spire
 14332 | Lair:1   | Offered knowledge of Orb of Destruction by Vehumet.
 14341 | Lair:1   | Learned a level 7 spell: Orb of Destruction
 15254 | Lair:2   | Reached skill level 12 in Conjurations
 15851 | Lair:2   | Reached XP level 13. HP: 44/56 MP: 25/30
 15978 | Lair:3   | Got a warped silver ring
 16464 | Lair:3   | Identified the ring "Tuwetan" {+Fly Stlth+} (You found it on level 3 of the Lair of Beasts)
 16753 | Lair:3   | Found a staircase to the Swamp.
 16871 | Lair:3   | Reached skill level 1 in Fighting
 17439 | Lair:4   | Learned a level 2 spell: Sublimation of Blood
 17731 | Lair:4   | Reached skill level 13 in Conjurations
 18307 | Lair:4   | Found a hole to the Spider Nest.
 19037 | Lair:5   | Offered knowledge of Spellforged Servitor by Vehumet.
 19243 | Lair:5   | Learned a level 7 spell: Spellforged Servitor
 19812 | Lair:6   | Entered Level 6 of the Lair of Beasts
 20009 | Lair:6   | Noticed Kirke
 20297 | Lair:6   | Killed Kirke
 20401 | Lair:5   | Reached XP level 14. HP: 51/68 MP: 20/32
 20818 | Lair:6   | Reached skill level 14 in Conjurations
 21067 | Lair:6   | Found a staircase to the Slime Pits.
 22319 | Lair:6   | Got an ancient lapis lazuli ring
 22320 | Lair:6   | Identified the ring of Megalomania {rF- rN+ Str+4 Dex+4} (You found it on level 6 of the Lair of Beasts)
 22731 | Orc:1    | Entered Level 1 of the Orcish Mines
 23197 | Orc:1    | Slain by a troll

Vault maps used:
D:1:      nzn_arrival_crosshair
D:3:      lemuel_upstairs_altar, led_sif_book
D:5:      kennysheep_mini, first_bread, nicolae_for_you_no_charge
D:6:      minmay_temple_entry_poolview
D:7:      serial_aquarium, aquarium_bridge_straight, aquarium_bridge_straight,
          aquarium_window_fake, aquarium_window_3, aquarium_view_2e,
          aquarium_view_2b, aquarium_pool_corner
D:8:      nemelex_xobeh_ov_fountains_minmay, marbit_many_paths,
          evilmike_ruin_ashenzari, overflow_temple_1_default,
          gammafunk_temple_overflow_wave, hangedman_little_slice_of_home
D:9:      lemuel_round_altar, grunt_qazlal_clouds, erik_orc_4, uniq_joseph,
          uniq_psyche, uniq_grum
D:10:     serial_bayou_crossing
D:11:     minmay_twisted_water, david_lair_generic, basic_altar
Temple:   dshaligram_water_room_temple
Lair:3:   minmay_swamp_entry_worms
Lair:4:   spider_nest_entry_rubble, grunt_megastairs_3
Lair:6:   evilmike_catoblepas_cave, minmay_slime_entry_pillars,
          kilobyte_rumbling_trees, uniq_kirke

Skill      XL: |  1  2  3  4  5  6  7  8  9 10 11 12 13 14 |
---------------+-------------------------------------------+-----
Conjurations   | 2 3 4 5 7 8 9 10 11 12 13 14 | 14.6
Spellcasting   | 4 5 6 7 8 10 11 12 | 12.4
Fire Magic     | 4 7 9 11 12 13 | 13.6
Fighting       | 4 |  4.6
Dodging        | |  2.0
Stealth        | |  2.6
Summonings     | |  1.2
Translocations | |  1.0

Action                   |  1- 3 |  4- 6 |  7- 9 | 10-12 | 13-15 || total
-------------------------+-------+-------+-------+-------+-------++-------
Melee: Spear             |    22 |       |       |       |       ||    22
       Constrict         |     6 |    10 |    24 |     6 |     4 ||    50
       Tentacles         |     3 |     5 |    14 |     7 |     2 ||    31
       Rapier            |     1 |    33 |     1 |       |       ||    35
       Trident           |       |       |   203 |    46 |    11 ||   260
       Unarmed           |       |       |     3 |       |       ||     3
 Cast: Magic Dart        |    71 |    94 |   219 |    30 |     1 ||   415
       Mephitic Cloud    |       |     6 |    40 |    60 |     8 ||   114
       Blink             |       |     1 |     6 |    11 |     4 ||    22
       Conjure Flame     |       |       |    11 |    32 |     5 ||    48
       Flame Tongue      |       |       |    38 |   656 |   121 ||   815
       Sticky Flame      |       |       |       |    31 |    34 ||    65
       Orb of Destructio |       |       |       |    10 |    94 ||   104
       Spellforged Servi |       |       |       |       |     7 ||     7
  Use: Scroll            |       |       |       |    13 |     5 ||    18
       Potion            |       |       |       |       |     1 ||     1
 Stab: Sleeping          |       |     1 |     1 |       |       ||     2
       Confused          |       |       |    11 |     1 |       ||    12
       Distracted        |       |       |     1 |       |       ||     1
  Eat: Chunk             |     1 |     6 |    10 |    34 |    47 ||    98
       Fruit             |       |       |     5 |     1 |    10 ||    16
       Royal jelly       |       |       |       |     1 |     3 ||     4
Armor: Skin              |     3 |     3 |    27 |    52 |    11 ||    96
Dodge: Dodged            |    16 |    15 |    72 |   114 |    51 ||   268

Table legend:
 A = Spawn XP
 B = Non-spawn XP
 C = Spawn XP percentage of total XP
 D = Spawn monster count
 E = Non-spawn monster count
 F = Spawn count percentage of total count
 G = Total turns spent on level
                    A         B        C        D         E        F      G
               +---------+---------+-------+---------+---------+-------+---------
         Total |    8996 |   61044 |  12.8 |      82 |     420 |  16.3 | 23197
               +---------+---------+-------+---------+---------+-------+---------
           D:1 |      11 |      15 |  42.3 |       3 |      10 |  23.1 |   691
           D:2 |       0 |      25 |   0.0 |       0 |      16 |   0.0 |   518
           D:3 |       0 |     109 |   0.0 |       0 |      11 |   0.0 |   746
           D:4 |      19 |     434 |   4.2 |       3 |      29 |   9.4 |  1440
           D:5 |      65 |     418 |  13.5 |       2 |      13 |  13.3 |   669
           D:6 |      79 |     475 |  14.3 |       3 |      13 |  18.8 |  1054
           D:7 |     382 |    1413 |  21.3 |      13 |      28 |  31.7 |  1990
           D:8 |     325 |    4091 |   7.4 |       3 |      26 |  10.3 |  1933
           D:9 |    1009 |    5378 |  15.8 |      15 |      44 |  25.4 |  2369
          D:10 |     465 |    1861 |  20.0 |       8 |      22 |  26.7 |  1436
          D:11 |    1496 |    8008 |  15.7 |      12 |      59 |  16.9 |  1780
        Lair:1 |     801 |    2922 |  21.5 |       2 |      15 |  11.8 |  1009
        Lair:2 |     255 |    3454 |   6.9 |       1 |      18 |   5.3 |   961
        Lair:3 |     103 |    4589 |   2.2 |       1 |      20 |   4.8 |  1297
        Lair:4 |    1446 |    6752 |  17.6 |       6 |      23 |  20.7 |  1186
        Lair:5 |     574 |    4565 |  11.2 |       5 |      18 |  21.7 |  1954
        Lair:6 |    1966 |   16330 |  10.7 |       5 |      48 |   9.4 |  2080
         Orc:1 |       0 |     205 |   0.0 |       0 |       7 |   0.0 |    14
               +---------+---------+-------+---------+---------+-------+---------
